 Dungeon Crawl Stone Soup version 0.30.0-5-g1a98f26d00 (webtiles) character file.

Game seed: 14466484649456432226

190 Cheops the Ruffian (level 5, -17/45 HPs)
             Began as a Ghoul Monk on May 11, 2023.
             Demolished by an ogre
             ... wielding a +0 giant club
              (19 damage)
             ... on level 4 of the Dungeon.
             The game lasted 00:02:40 (2124 turns).

Cheops the Ruffian (Ghoul Monk)                     Turns: 2124, Time: 00:02:40

Health: -17/45     AC:  9    Str: 16 (17) XL:     5   Next: 69%
Magic:  4/4        EV:  7    Int:  4 (5)  God:
Gold:   213        SH:  0    Dex: 10 (11) Spells: 4/4 levels left

rFire   . .          .
                       - Unarmed
rCold   + . .        c - orb {light}
rNeg    + + +        j - +0 chain mail
rPois   ∞            (no helmet)
rElec   .            (no cloak)
rCorr   .            (no gloves)
SInv    .            n - +0 pair of boots
Will    .....        (no amulet) Stlth
                     (no ring)
HPRegen 0.00/turn    (no ring)
MPRegen 0.09/turn

%: no passive effects
@: attractive, inhibited regen, glowing
A: claws 1, cold resistance 1, negative energy resistance 3, inhibited
regeneration, torment resistance 2, devour on kill
a: no special abilities


You were on level 4 of the Dungeon.
You visited 1 branch of the dungeon, and saw 4 of its levels.

You collected 213 gold pieces.

Inventory:

Hand Weapons
 q - the +1 dagger of Beogh's Pride {freeze, rC+ Str+2}
   (You took it off a goblin on level 4 of the Dungeon)

   Str:       It affects your strength (+2).
   rC:        It protects you from cold.
Armour
 a - a +0 robe
 c - an orb of light (worn)
 j - a +0 chain mail (worn)
 n - a +0 pair of boots (worn)
Scrolls
 d - a scroll of acquirement {unknown}
 e - a scroll of blinking {unknown}
 g - 3 scrolls of identify {unknown}
 h - a scroll of butterflies {unknown}
 i - a scroll of magic mapping {unknown}
 k - 2 scrolls of teleportation {unknown}
 p - a scroll of enchant weapon {unknown}
Potions
 b - a potion of ambrosia


   Skills:
 - Level 3.2 Fighting
 - Level 2.6 Dodging
 + Level 6.8 Unarmed Combat


You had 4 spell levels left.
You didn't know any spells.
Your spell library contained the following spells:

 Spells                   Type           Power      Damage    Failure   Level
 Manifold Assault         Tloc           0%         N/A       100%        4
 Dispersal                Tloc           0%         N/A       100%        6
 Disjunction              Tloc           0%         N/A       100%        8


Dungeon Overview and Level Annotations

Branches:
Dungeon (4/15)
 Temple: D:4-7

Altars:
Gozag

Annotations:
D:4 Dowan, Duvessa


Innate Abilities, Weirdness & Mutations

You are immune to poison.
You have sharp fingernails.
Your flesh is cold resistant. (rC+)
You are immune to negative energy. (rN+++)
You do not regenerate when monsters are visible.
You are immune to unholy pain and torment.
You thrive by killing the living.


Message History

You feel better.
Things that are here:
the +1 dagger of Beogh's Pride {freeze, rC+ Str+2}; a goblin corpse
q - the +1 dagger of Beogh's Pride {freeze, rC+ Str+2} Duvessa, Dowan and an ogre come into view.
Duvessa shouts!
Dowan shouts!
The ogre shouts!
There are monsters nearby!
There are monsters nearby!
There are monsters nearby!
Duvessa gestures with her weapon.
It was a potion of heal wounds.
You feel much better. The ogre barely misses you.
It was a potion of attraction.
You feel attractive to monsters.
Dowan casts a spell.
Dowan blinks!
The ogre hits you with a +0 giant club!!
Ouch! That really hurt!
* * * LOW HITPOINT WARNING * * *
Dowan is attracted toward you.
Okay, then.
It was a potion of mutation.
You feel extremely strange.
Your body decomposes!
You feel clumsy.
Your body decomposes!
You feel dopey.
Your body decomposes!
You feel weakened.
It was a potion of berserk rage.
You feel slightly irritated. The ogre hits you but does no damage.
You scratch the ogre.
The ogre is moderately wounded.
The ogre hits you with a +0 giant club!!
* * * LOW HITPOINT WARNING * * *
You scratch the ogre but do no damage.
The ogre is moderately wounded.
You scratch the ogre.
The ogre is moderately wounded.
The ogre hits you with a +0 giant club!!
You die...

# #####
###.#####....
..........# #..
.........##.....
########.....##.
..# #.##...... #.#
###....##.#. #.#
##.Oee### #
######.###.@#.##
...........##.#
######.†......#
#......######....#
######.####†#
#..... #......#
#.# #####.
..###### #......#
###### #......#
.....# #......#


You could see Duvessa, an ogre and Dowan.

Vanquished Creatures
  A black bear (D:4)
  Terence (D:2)
  A gnoll (D:3)
  An adder (D:2)
  A worm (D:2)
  A dart slug (D:3)
  An orc (D:3)
  3 ball pythons
  8 endoplasms
  2 giant cockroaches
  4 goblins
  3 hobgoblins
  5 jackals
  A quokka (D:2)
  3 bats
  3 frilled lizards
  7 kobolds
  2 rats
48 creatures vanquished.

Notes
Turn   | Place    | Note
-------+----------+-------------------------------------------
     0 | D:1      | Cheops the Ghoul Monk began the quest for the Orb.
     0 | D:1      | Reached XP level 1. HP: 19/19 MP: 0/0
   121 | D:1      | Reached XP level 2. HP: 9/26 MP: 1/1
   123 | D:1      | Reached skill level 4 in Unarmed Combat
   687 | D:2      | Reached XP level 3. HP: 31/31 MP: 2/2
   831 | D:2      | Found an opulent altar of Gozag.
   976 | D:2      | Noticed Terence
   987 | D:2      | Killed Terence
   988 | D:2      | Reached skill level 5 in Unarmed Combat
   988 | D:2      | Reached XP level 4. HP: 13/38 MP: 3/3
  1864 | D:3      | Noticed a gnoll sergeant
  2020 | D:4      | Noticed a black bear
  2032 | D:4      | Killed a black bear
  2033 | D:4      | Reached skill level 6 in Unarmed Combat
  2033 | D:4      | Reached XP level 5. HP: 24/45 MP: 4/4
  2081 | D:4      | Identified the +1 dagger of Beogh's Pride {freeze, rC+
                  | Str+2}
  2111 | D:4      | Noticed Duvessa
  2111 | D:4      | Noticed Dowan
  2111 | D:4      | Noticed an ogre
  2122 | D:4      | HP: 2/45 [ogre/+0 giant club (20)]
  2124 | D:4      | Demolished by an ogre

Illustrated notes

Levels and vault maps discovered:
D:1:      minmay_arrival_jagged, layout_rooms, minmay_misc_feat_cross
D:2:      layout_basic, basic_altar, uniq_terence
D:3:      layout_basic, marbit_many_paths
D:4:      layout_rooms, mainiacjoe_overflow_surrounded_room,
          mainiacjoe_overflow_cross_hatched, nzn_random_ring, uniq_menkaure,
          uniq_duvessa

Skill      XL: |  1  2  3  4 |
---------------+-------------+-----
Unarmed Combat | 4 5 6 |  6.8
Fighting       | |  3.2
Dodging        | |  2.6

Action                     |  1- 3 |  4- 6 || total
---------------------------+-------+-------++-------
  Melee: Unarmed           |    67 |    55 ||   122
    Use: Potion            |       |     4 ||     4
 Armour: Robe              |     7 |       ||     7
         Chain mail        |     6 |    37 ||    43
  Dodge: Dodged            |    31 |    10 ||    41
